AoeStats
← CaptainBocca

Arena

507611550Analyzed
1v1 RM · 14d ago on Sep 19, 2026· 90m 31s· 2 players
Game mode
Random Map
Map size
Tiny (2 player)
Population
200
Speed
Normal
Resources
Standard
Victory
Conquest
Starting age
Dark Age
Ending age
Imperial Age
RankedLock teamsTeams togetherTeam positionsShared explorationLock speedFull tech treeHidden civsTurbo modeCheats
Victory
Defeat
🇬🇧 Sicilians · United Kingdom
590
+23
🇺🇸 Byzantines · United States
562
-29
CaptainBocca
11:48 Feudal Age
11:09 Loom
13:15 Horse Collar
14:49 Wheelbarrow
14:28 Man-at-Arms
23:47 Castle Age
24:04 Crossbowman
26:10 Hand Cart
25:18 Long Swordsman
30:56 Gambesons
31:13 Gold Mining
31:43 Scale Barding Armor
31:48 Forging
32:51 Chain Barding Armor
32:32 Padded Archer Armor
32:36 Scale Mail Armor
34:51 Gold Shaft Mining
35:38 Iron Casting
35:15 Heavy Plow
36:15 Husbandry
42:49 Imperial Age
47:45 Two-Handed Swordsman
49:35 Ballistics
51:07 Elite Cataphract
53:33 Fortified Wall
55:12 Logistica
60:38 Double-Bit Axe
61:53 Light Cavalry
65:23 Squires
65:57 Bow Saw
67:02 Pikeman
67:05 Arbalester
70:27 Thumb Ring
70:35 Thumb Ring
72:59 Champion
73:47 Thumb Ring
76:53 Plate Barding Armor
76:09 Fletching
76:35 Leather Archer Armor
76:39 Chain Mail Armor
Lazytwotgamer
1:48 Loom
12:08 Feudal Age
12:33 Horse Collar
12:44 Double-Bit Axe
17:28 Man-at-Arms
19:37 Fletching
20:46 Scale Mail Armor
23:53 Wheelbarrow
23:27 Arson
27:38 Castle Age
26:42 Town Watch
27:40 Elite Skirmisher
29:42 Padded Archer Armor
30:00 Chain Mail Armor
29:43 Bodkin Arrow
30:37 Squires
30:38 Gambesons
30:15 Long Swordsman
33:46 Gold Mining
33:47 Stone Mining
34:25 Pikeman
36:46 Hand Cart
36:50 Forging
38:58 Gold Shaft Mining
45:09 Iron Casting
57:23 Imperial Age
55:48 Ballistics
57:25 Leather Archer Armor
57:35 Heated Shot
57:47 Murder Holes
58:06 Masonry
59:55 Halberdier
63:13 Stone Shaft Mining
64:39 Two-Handed Swordsman
68:20 Plate Mail Armor
67:52 Bracer
68:58 Blast Furnace
68:11 Capped Ram
74:14 Town Patrol
80:57 Bracer
82:01 Chemistry
82:26 Champion
Connection lost

Rejoining the realm…

Still unreachable

The connection could not be restored.

Session expired

The server has moved on; the page needs a fresh start.